 Dungeon Crawl Stone Soup version 0.26.1-11-gd32895ea62 (webtiles) character file.

Game seed: 2095669312189391474

92 Tirrikindir the Ducker (level 4, -2/31 HPs)
             Began as an Octopode Fighter on May 24, 2021.
             Slain by a gnoll
             ... wielding a +0 halberd
              (11 damage)
             ... on level 2 of the Dungeon.
             The game lasted 00:04:56 (1718 turns).

Tirrikindir the Ducker (Octopode Fighter)           Turns: 1718, Time: 00:04:57

Health: -2/31      AC:  1    Str: 16    XL:     4   Next: 60%
Magic:  4/4        EV: 16    Int: 10    God:
Gold:   68         SH: 10    Dex: 11    Spells: 3/3 levels left

rFire    . . .     SeeInvis .   h - +2 long sword (drain)
rCold    . . .     Faith    .   b - +1 kite shield
rNeg     . . .     Spirit   .   (helmet restricted)
rPois    .         Reflect  .   (no amulet)
rElec    .         Harm     .   e - +4 ring of evasion
rCorr    .         Rampage  .   (no ring)
Will     .....                  (no ring)
Stlth    +++.......             (no ring)
HPRegen  0.10/turn              (no ring)
MPRegen  0.09/turn              (no ring)
                                (no ring)
                                (no ring)

@: no status effects
A: almost no armour, stealthy swim, amphibious, 8 rings, constrict 8, camouflage
1, gelatinous body 1
a: no special abilities


You were on level 2 of the Dungeon.
You visited 1 branch of the dungeon, and saw 2 of its levels.

You collected 68 gold pieces.

Inventory:

Hand Weapons
 h - a +2 long sword of draining (weapon)
 k - a +0 short sword
Missiles
 g - 16 poisoned darts (quivered)
Armour
 b - a +1 kite shield (worn)
Jewellery
 e - a +4 ring of evasion (left tentacle)
 j - an uncursed amulet of faith {unknown}
Potions
 a - 3 potions of curing
 c - 2 potions of might
 d - a potion of resistance
 f - a potion of berserk rage {unknown}
 i - a potion of heal wounds {unknown}
 l - a potion of haste {unknown}


   Skills:
 + Level 3.4 Fighting
 * Level 3.1 Long Blades
 + Level 3.4 Dodging
 + Level 2.0 Stealth
 + Level 3.4 Shields


You had 3 spell levels left.
You didn't know any spells.
Your spell library was empty.

Dungeon Overview and Level Annotations

Branches:
Dungeon (2/15)

Altars:
Sif Muna
Trog
Wu Jian


Innate Abilities, Weirdness & Mutations

You cannot wear most types of armour.
You are very stealthy in the water. (Stealth+)
You are amphibious.
You can wear up to eight rings at the same time.
You can use your tentacles to constrict eight enemies at once.
Your skin changes colour to match your surroundings (Stealth+).
Your rubbery body absorbs attacks. (AC +1, EV +1)


Message History

Your grab misses the jackal. You squeeze the jackal.
The jackal is severely wounded.
You hit the jackal.
You kill the jackal!
You block the gnoll's attack. The jackal bites you.
You barely miss the jackal. You grab the jackal. You constrict the jackal.
You block the jackal's attack.
The gnoll hits you from afar with a +0 halberd.
The jackal bites you.
You hit the jackal.
You kill the jackal!
You block the gnoll's attack.
The gnoll hits you from afar with a +0 halberd!
Ouch! That really hurt!
* * * LOW HITPOINT WARNING * * *
You see here a jackal corpse.
You hit the gnoll. You grab the gnoll.
The gnoll is heavily wounded.
You constrict the gnoll. The gnoll hits you with a +0 halberd!
You die...

#.........####...####.#
##.......## #.....<..#
##.....## ###.###)##
##...## #.# #.## ##+##
#.###))# #####...#
#...#...# #g..#P..#
#.@.'...# #+#+#P.##
#..# #..# ####


You could see a gnoll.

Vanquished Creatures
  4 gnolls
  A worm (D:2)
  2 dart slugs (D:1)
  2 leopard geckos (D:1)
  2 giant cockroaches (D:1)
  3 goblins
  8 hobgoblins
  2 jackals (D:2)
  3 kobolds
  6 bats
  4 frilled lizards
  9 rats
46 creatures vanquished.

Notes
Turn   | Place    | Note
-------+----------+-------------------------------------------
     0 | D:1      | Tirrikindir the Octopode Fighter began the quest for the
                  | Orb.
     0 | D:1      | Reached XP level 1. HP: 16/16 MP: 1/1
   118 | D:1      | Reached XP level 2. HP: 21/21 MP: 2/2
   137 | D:1      | Reached skill level 1 in Stealth
   260 | D:1      | You fall into a shaft and drop 1 floor!
   366 | D:2      | Found a bloodstained altar of Trog.
   369 | D:2      | Found an ornate altar of the Wu Jian Council.
   370 | D:2      | Found a shimmering blue altar of Sif Muna.
   473 | D:2      | Reached XP level 3. HP: 26/26 MP: 3/3
  1376 | D:2      | Reached XP level 4. HP: 5/31 MP: 4/4
  1718 | D:2      | Slain by a gnoll

Illustrated notes

Levels and vault maps discovered:
D:1:      dpeg_arrival_arbitrary_c, layout_rooms
D:2:      layout_loops_corners, nicolae_overflow_hidden_temple,
          cheibrodos_gnoll_hut

Skill      XL: |  1  2  3  4 |
---------------+-------------+-----
Stealth        | 1 2 |  2.0
Long Blades    | 3 |  3.1
Fighting       | |  3.4
Dodging        | |  3.4
Shields        | |  3.4

Action                   |  1- 3 |  4- 6 || total
-------------------------+-------+-------++-------
Melee: Long sword        |    65 |     8 ||    73
       Constrict         |    21 |     4 ||    25
       Tentacles         |     8 |     3 ||    11
Throw: Dart              |     1 |       ||     1
  Use: Scroll            |     4 |       ||     4
 Stab: Sleeping          |     4 |       ||     4
Armor: Skin              |    10 |       ||    10
Dodge: Dodged            |    47 |     5 ||    52
Block: Kite shield       |    32 |     8 ||    40
       Rpst.: Long sword |    14 |     2 ||    16
